 Dungeon Crawl Stone Soup version 0.24.0-13-gcf9b3192b9 (webtiles) character file.

Game seed: 8661014428247608793, levelgen mode: deterministic

5322 Delamore the Cleaver (level 10, 0/86 HPs)
             Began as a Hill Orc Monk on Nov 7, 2019.
             Was an Elder of Beogh.
             Slain by an eight-headed hydra (7 damage)
             ... on level 9 of the Dungeon.
             The game lasted 00:26:53 (9936 turns).

Delamore the Cleaver (Hill Orc Monk)                Turns: 9936, Time: 00:26:53

Health: 0/86       AC: 11    Str: 18    XL:     10   Next: 64%
Magic:  13/13      EV: 12    Int: 10    God:    Beogh [****..]
Gold:   691        SH:  0    Dex: 13    Spells: 9/9 levels left

rFire    . . .     SeeInvis .   a - +0 hand axe
rCold    . . .     Gourm    .   (no shield)
rNeg     . . .     Faith    .   M - +0 troll leather armour
rPois    +         Spirit   .   (no helmet)
rElec    .         Reflect  .   (no cloak)
rCorr    .         Harm     .   (no gloves)
MR       .....                  (no boots)
Stlth    ++........             (no amulet)
HPRegen  0.64/turn              h - ring of poison resistance
MPRegen  0.13/turn              u - +6 ring of protection

@: no status effects
A: no striking features
a: Smiting, Recall Orcish Followers, Renounce Religion


You were on level 9 of the Dungeon.
You worshipped Beogh.
Beogh was greatly pleased with you.
You were not hungry.

You visited 1 branch of the dungeon, and saw 9 of its levels.

You collected 691 gold pieces.

Inventory:

Hand Weapons
 a - a +0 hand axe (weapon)
Missiles
 i - a curare-tipped dart
 k - 2 javelins
 G - 50 poisoned darts (quivered)
Armour
 j - a +0 plate armour
 M - a +0 troll leather armour (worn)
Jewellery
 d - a +3 ring of protection
 h - a ring of poison resistance (left hand)
 u - a +6 ring of protection (right hand)
 A - an uncursed ring of protection from fire
Wands
 v - a wand of flame (19)
 z - a wand of disintegration (9)
 K - a wand of random effects (14)
Scrolls
 g - 3 scrolls of amnesia
 m - 2 scrolls of fog {unknown}
 q - 4 scrolls of teleportation
 r - a scroll of remove curse
 s - 2 scrolls of acquirement {unknown}
 w - a scroll of enchant weapon {unknown}
 y - 2 scrolls of blinking {unknown}
 C - 3 scrolls of enchant armour {unknown}
 E - 5 scrolls of identify
 F - a scroll of magic mapping {unknown}
 I - a scroll of vulnerability {unknown}
 J - a scroll of immolation {unknown}
Potions
 b - 2 potions of heal wounds
 e - a potion of magic
 f - a potion of lignification {unknown}
 l - 5 potions of curing
 n - a potion of invisibility
 o - 2 potions of might
 p - 4 potions of ambrosia
 t - 2 potions of degeneration {unknown}
 x - 2 potions of agility
 B - a potion of mutation {unknown}
 D - a potion of brilliance {unknown}
 H - 2 potions of haste
Comestibles
 c - 9 rations
 L - 5 chunks of flesh


   Skills:
 + Level 7.0 Fighting
 * Level 14.6 Axes
 + Level 1.3 Throwing
 + Level 7.9 Armour
 - Level 2.4 Dodging
 - Level 1.5 Stealth
 + Level 1.0 Invocations
 * Level 4.8 Evocations


You had 9 spell levels left.
You didn't know any spells.
Your spell library contained the following spells:

 Spells                   Type           Power        Failure   Level  Hunger
 Animate Skeleton         Necr           N/A          41%         1    ##.....
 Apportation              Tloc           #.....       41%         1    ##.....
 Confusing Touch          Hex            #.....       41%         1    ##.....
 Corona                   Hex            #......      41%         1    ##.....
 Magic Dart               Conj           #...         41%         1    ##.....
 Summon Small Mammal      Summ           #...         41%         1    ##.....
 Blink                    Tloc           N/A          54%         2    ###....
 Call Imp                 Summ           #.......     54%         2    ###....
 Ensorcelled Hibernation  Hex/Ice        #.....       54%         2    ###....
 Slow                     Hex            #.......     54%         2    ###....
 Confuse                  Hex            #.......     78%         3    ####...
 Conjure Flame            Conj/Fire      #.......     78%         3    ####...
 Dazzling Spray           Conj/Hex       #.....       78%         3    ####...
 Gell's Gravitas          Tloc           #.........   78%         3    ####...
 Mephitic Cloud           Conj/Pois/Air  #.......     78%         3    ####...
 Tukima's Dance           Hex            #.......     78%         3    ####...
 Petrify                  Tmut/Erth      #.......     99%         4    #####..
 Metabolic Englaciation   Hex/Ice        #.........   100%        5    ######.
 Yara's Violent Unravell  Hex/Tmut       #.........   100%        5    ######.


Dungeon Overview and Level Annotations

Branches:
Dungeon (9/15)             Temple (0/1) D:5            Lair (0/6) D:9
    Orc: D:9-12

Altars:
Ashenzari
Cheibriados
Dithmenos
Elyvilon
Fedhas
Gozag
Hepliaklqana
Makhleb
Nemelex Xobeh
Qazlal
Ru
Sif Muna
Trog
Uskayaw
Yredelemnul


Message History

You closely miss the dream sheep. You hit the yak. You hit the big kobold.
Wardok misses the dream sheep.
The yak gores you.
You hack one of the seven-headed hydra's heads off!
The six-headed hydra grows two more!
You slash the eight-headed hydra!
The eight-headed hydra is lightly wounded.
You hit the plant. You barely miss the yak. You hit the dream sheep.
You hit the yak.
You hit the big kobold but do no damage.
The yak gores you.
* * * LOW HITPOINT WARNING * * *
The dream sheep barely misses you.
The big kobold hits you but does no damage.
The eight-headed hydra bites you but does no damage.
The eight-headed hydra bites you.
* * * LOW HITPOINT WARNING * * *
The eight-headed hydra closely misses you.
The eight-headed hydra bites you!
* * * LOW HITPOINT WARNING * * *
The eight-headed hydra bites you!
You die...

####### #%.#..K..# #%.'.%D@Y#
####..'..PYY### ####### ####
#..#..'..%K≈oo# #.....#
...####..#..#.%..)#o####.....#
...#.....#'##P≈P.≈#o...o.....#
...#o##..# #≈≈≈≈P######o....#
...o.##..# )'.P≈PP# #.....#
..o################ ###o###
#### #.o## #..##


You could see an eight-headed hydra, 2 yaks, 2 big kobolds, a dream sheep, a
friendly orc warrior, the friendly Wardok the orc warrior and 2 friendly orcs.

Vanquished Creatures
  Pikel (D:6)
  Psyche (D:8)
  A komodo dragon (D:9)
  The ghost of astraldaughter the Poker, an amateur MfMo (D:3)
  A hungry ghost (D:9)
  A water moccasin (D:8)
  2 black bears (D:7)
  2 sky beasts (D:6)
  An orc warrior (D:8)
  A slave (D:6)
  2 ogres (D:4)
  6 centaurs
  2 bullfrogs (D:7)
  A water moccasin zombie (D:7)
  3 scorpions
  8 killer bees
  A howler monkey (D:7)
  11 crimson imps
  A quasit (D:7)
  A centaur zombie (D:6)
  An orc priest (D:9)
  3 hounds
  2 jellies
  An iguana (D:4)
  5 orc wizards
  11 worker ants
  A killer bee zombie (D:8)
  4 gnolls
  14 adders
  A shadow imp (D:3)
  2 oozes
  An adder zombie (D:9)
  A worm (D:2)
  7 leopard geckos
  24 orcs
  3 giant cockroaches
  5 hobgoblins
  11 jackals
  9 kobolds
  2 quokkas
  12 bats
  5 frilled lizards
  6 goblins
  8 rats
187 creatures vanquished.

Vanquished Creatures (collateral kills)
  2 trolls (D:9)
  A dream sheep (D:9)
  An orc warrior (D:9)
  An ogre (D:9)
  A centaur (D:9)
  A big kobold (D:9)
  A howler monkey (D:9)
  A jelly (D:9)
  4 orc priests
  An orc wizard (D:8)
  3 worker ants
  An iguana (D:9)
  A worker ant zombie (D:8)
  A quokka (D:9)
  A plant (D:9)
21 creatures vanquished.

Vanquished Creatures (others)
  A slave (D:6)
  An orc wizard (D:9)
  A killer bee (D:6)
  A crimson imp (D:6)
  A hound (D:6)
  A worker ant (D:6)
  An adder (D:6)
  A leopard gecko (D:6)
  5 orcs
  A giant cockroach (D:6)
  A plant (D:9)
15 creatures vanquished.

Grand Total: 223 creatures vanquished

Notes
Turn   | Place    | Note
-------+----------+-------------------------------------------
     0 | D:1      | Delamore the Hill Orc Monk began the quest for the Orb.
     0 | D:1      | Reached XP level 1. HP: 19/19 MP: 1/1
   125 | D:1      | Reached XP level 2. HP: 24/26 MP: 2/2
   129 | D:1      | Reached skill level 5 in Axes
   692 | D:2      | Reached XP level 3. HP: 31/31 MP: 3/3
   794 | D:2      | Found a sacrificial altar of Ru.
   824 | D:2      | Reached skill level 6 in Axes
   824 | D:2      | Reached XP level 4. HP: 29/39 MP: 4/4
   921 | D:2      | Reached skill level 1 in Armour
  1047 | D:2      | Reached XP level 5. HP: 45/45 MP: 5/5
  1074 | D:2      | Found a white marble altar of Elyvilon.
  1084 | D:2      | Reached skill level 7 in Axes
  1165 | D:2      | Found a burning altar of Makhleb.
  1165 | D:2      | Found a shimmering blue altar of Sif Muna.
  1561 | D:3      | Noticed a centaur
  1568 | D:3      | Killed a centaur
  1591 | D:3      | Reached XP level 6. HP: 48/52 MP: 6/6
  1627 | D:3      | Reached skill level 8 in Axes
  1831 | D:3      | Found a runed translucent door.
  1832 | D:3      | Noticed astraldaughter's ghost (amateur MfMo)
  1911 | D:3      | Killed astraldaughter's ghost
  1911 | D:3      | Reached skill level 9 in Axes
  1911 | D:3      | Reached XP level 7. HP: 29/59 MP: 7/7
  2272 | D:4      | Found a stormy altar of Qazlal.
  2276 | D:4      | Found a blossoming altar of Fedhas.
  2982 | D:4      | Reached skill level 10 in Axes
  3110 | D:4      | Reached skill level 1 in Evocations
  3123 | D:4      | Reached XP level 8. HP: 55/67 MP: 8/8
  3169 | D:5      | Entered Level 5 of the Dungeon
  3553 | D:5      | Found a hazy altar of Hepliaklqana.
  3577 | D:5      | Became a worshipper of Beogh the Brigand
  3577 | D:5      | Reached * piety under Beogh
  3577 | D:5      | Reached ** piety under Beogh
  3603 | D:5      | Found a staircase to the Ecumenical Temple.
  3874 | D:5      | Reached skill level 11 in Axes
  4405 | D:5      | Reached skill level 5 in Fighting
  4572 | D:6      | Noticed Pikel
  4620 | D:6      | Killed Pikel
  4620 | D:6      | Reached skill level 12 in Axes
  4620 | D:6      | Reached skill level 5 in Armour
  4620 | D:6      | Reached XP level 9. HP: 36/74 MP: 9/11
  5775 | D:6      | Found a bloodstained altar of Trog.
  5894 | D:6      | Reached *** piety under Beogh
  6138 | D:7      | Found a bloodstained altar of Trog.
  6141 | D:7      | You fall into a shaft and drop 1 floor!
  6152 | D:8      | Noticed Psyche
  6164 | D:8      | Killed Psyche
  6164 | D:8      | Reached skill level 13 in Axes
  6653 | D:7      | Found a hide-covered altar of Uskayaw.
  6774 | D:7      | Reached XP level 10. HP: 12/83 MP: 13/13
  6880 | D:7      | Reached skill level 14 in Axes
  7359 | D:7      | Found a sparkling altar of Nemelex Xobeh.
  7361 | D:7      | Found a basalt altar of Yredelemnul.
  7558 | D:7      | Found a shattered altar of Ashenzari.
  7693 | D:8      | Reached skill level 1 in Throwing
  7945 | D:8      | Found a shadowy altar of Dithmenos.
  8514 | D:8      | Found a snail-covered altar of Cheibriados.
  8929 | D:9      | Found a staircase to the Lair.
  9579 | D:9      | Reached **** piety under Beogh
  9582 | D:9      | Gained Wardok as an ally
  9697 | D:9      | Found an opulent altar of Gozag.
  9898 | D:9      | Reached skill level 1 in Invocations
  9925 | D:9      | Noticed a three-headed hydra
  9936 | D:9      | Slain by an eight-headed hydra

Levels and vault maps discovered:
D:1:      eino_arrival_water_star, layout_loops_ring
D:2:      layout_rooms, elyvilon_altar_1, nicolae_ru_great_annihilating_truth,
          gammafunk_temple_overflow_wave, first_ration
D:3:      layout_rooms, gammafunk_ghost_grave
D:4:      cheibrodos_barr_body, layout_loops_corners,
          grunt_temple_overflow_forces_of_nature, minmay_misc_feat_more_columns
D:5:      layout_basic, lemuel_crystal_altar, minmay_temple_entry_glassed_door
D:6:      layout_basic, basic_altar, uniq_pikel
D:7:      layout_loops_ring, gammafunk_temple_overflow_pools,
          cheibrodos_ashenzari_chains, lemuel_round_altar, trog_ov_bears_minmay
D:8:      layout_gridville, kennysheep_mini_moat,
          nicolae_overflow_hidden_temple, uniq_psyche
D:9:      layout_roguey, nicolae_gozag_seed_capital, david_lair_shrubbed,
          hangedman_ranch [blue_anna_fruit_fields], chequers_hall_statues_wall_a

Skill      XL: |  1  2  3  4  5  6  7  8  9 10 |
---------------+-------------------------------+-----
Axes           | 5 6 7 9 10 12 13 14 | 14.6
Armour         | 1 2 3 5 6 7 |  7.9
Fighting       | 4 5 6 7 |  7.0
Evocations     | 1 3 4 |  4.8
Throwing       | 1 |  1.3
Invocations    | 1 |  1.0
Dodging        | |  2.4
Stealth        | |  1.5

Action                   |  1- 3 |  4- 6 |  7- 9 | 10-12 || total
-------------------------+-------+-------+-------+-------++-------
Melee: Hand axe          |    89 |   184 |   593 |   244 ||  1110
Throw: Dart              |       |       |     5 |    19 ||    24
       Javelin           |       |       |     2 |       ||     2
Invok: Convert to Beogh  |       |       |     1 |       ||     1
       Smiting           |       |       |       |     3 ||     3
Evoke: Wand              |       |       |     6 |     3 ||     9
  Use: Scroll            |       |       |    10 |     1 ||    11
       Potion            |       |       |       |     3 ||     3
 Stab: Paralysed         |     2 |       |       |       ||     2
       Invisible         |     1 |       |       |       ||     1
       Distracted        |       |       |       |     2 ||     2
       Sleeping          |       |       |       |     1 ||     1
  Eat: Chunk             |       |     3 |    13 |     4 ||    20
       Ration            |       |       |     1 |     2 ||     3
Armor: Ring mail         |    15 |       |       |       ||    15
       Robe              |     1 |       |       |       ||     1
       Scale mail        |    25 |    77 |   198 |       ||   300
       Plate armour      |       |       |    97 |   106 ||   203
       Troll leather arm |       |       |       |    23 ||    23
Dodge: Dodged            |    66 |    88 |   244 |    78 ||   476
